 Dungeon Crawl Stone Soup version 0.25-a0-890-g62861fb (webtiles) character file.

Game seed: 10063652161197010404, levelgen mode: deterministic

349 BlueFish the Insei (level 6, -1/39 HPs)
             Began as an Octopode Transmuter on May 2, 2020.
             Slain by an orc wizard
             ... wielding a +0 dagger
              (2 damage)
             ... on level 4 of the Dungeon.
             The game lasted 00:12:55 (4577 turns).

BlueFish the Insei (Octopode Transmuter)            Turns: 4577, Time: 00:12:56

Health: -1/39      AC: -4    Str: 12    XL:     6   Next: 60%
Magic:  2/10       EV: 14    Int: 15    God:
Gold:   160        SH:  0    Dex: 15    Spells: 4/10 levels left

rFire    + . .     SeeInvis .     - Unarmed
rCold    . . .     Gourm    .   (no shield)
rNeg     + . .     Faith    .   (helmet restricted)
rPois    .         Spirit   .   (no amulet)
rElec    .         Reflect  .   i - ring of protection from fire
rCorr    .         Harm     .   k - ring of positive energy
MR       +....                  g - +3 ring of dexterity
Stlth    +++.......             f - ring of protection from magic
HPRegen  0.13/turn              q - -5 ring of protection (curse)
MPRegen  0.12/turn              v - ring of flight
                                (no ring)
                                (no ring)

@: very slightly contaminated, lightly drained
A: almost no armour, stealthy swim, amphibious, 8 rings, constrict 8, camouflage
1, gelatinous body 1
a: Evoke Flight


You were on level 4 of the Dungeon.
You were not hungry.

You visited 1 branch of the dungeon, and saw 4 of its levels.

You collected 160 gold pieces.

Inventory:

Hand Weapons
 o - a +2 dagger of venom
Missiles
 a - an arrow
Jewellery
 f - a ring of protection from magic (on tentacle)
 g - a +3 ring of dexterity (on tentacle)
 i - a ring of protection from fire (left tentacle)
 k - a ring of positive energy (right tentacle)
 q - a cursed -5 ring of protection (on tentacle)
 v - a ring of flight (on tentacle)
Wands
 u - a wand of enslavement (3)
Scrolls
 n - a scroll of magic mapping
Potions
 d - a potion of brilliance
 e - a potion of degeneration {unknown}
 h - 3 potions of flight
 j - a potion of magic {unknown}
 l - a potion of berserk rage {unknown}
 m - 2 potions of lignification
 p - a potion of haste {unknown}
 s - 2 potions of might {unknown}
 t - 3 potions of stabbing {unknown}
Comestibles
 c - 8 rations


   Skills:
 * Level 2.2 Fighting
 * Level 2.8(2.7) Dodging
 * Level 2.8(2.7) Stealth
 * Level 4.3(4.2) Unarmed Combat
 + Level 2.7 Spellcasting
 * Level 3.6 Transmutations
 * Level 1.8(1.7) Poison Magic


You had 4 spell levels left.
You knew the following spells:

 Your Spells              Type           Power        Failure   Level  Hunger
a - Beastly Appendage     Tmut           ##....       4%          1    #......
b - Sticks to Snakes      Tmut           ##......     7%          2    ##.....
c - Spider Form           Tmut/Pois      ##........   21%         3    ###....

Your spell library contained the following spells:

 Spells                   Type           Power        Failure   Level  Hunger
 Ice Form                 Ice/Tmut       #.......     69%         4    #####..
 Blade Hands              Tmut           ##........   78%         5    ######.


Dungeon Overview and Level Annotations

Branches:
Dungeon (4/15)
 Temple: D:4-7

Altars:


Innate Abilities, Weirdness & Mutations

You cannot wear most types of armour.
You are very stealthy in the water. (Stealth+)
You are amphibious.
You can wear up to eight rings at the same time.
You can use your tentacles to constrict eight enemies at once.
Your skin changes colour to match your surroundings (Stealth+).
Your rubbery body absorbs attacks. (AC +1, EV +1)


Message History

Your ball python bites the orc.
Your ball python constricts the orc.
Something hits you. The orc completely misses you.
You tentacle-slap the orc.
You kill the orc!
You hear some strange, mumbled words.
A puff of frost appears from out of thin air!
The puff of frost hits you!
* * * LOW HITPOINT WARNING * * *
Something hits you but does no damage. Something hits you.
* * * LOW HITPOINT WARNING * * *
You see here a cursed -1 flail.
You swap places.
Something hits you.
* * * LOW HITPOINT WARNING * * *
Things that are here:
a +2 dagger of draining; a +0 robe; an orc corpse You miss something.
You pierce something.
Your tentacle spike disappears.
Something hits you.
You die... #.## #.# #.########... #..### #.# ............# .....# #.# ....#######.. .#.#.# #.# o.o

. ### ..)..# #.# .#
.#.#.# #.# ... .....###
#.## .#.#
.#.#...#####..######.....
.....#>##.......@)....#.#
...............!{S.......
..####.##......).........
..# #.##..#.#.#.#..#####
.# ###..............#
.###.......#.#.#$#..#
.....####...........#
###### #..#.#.#.#..# #
#...........#


You could see a friendly ball python.

Vanquished Creatures
  An orc priest (D:4)
  4 orc wizards (D:4)
  A centaur skeleton (D:4)
  Ijyb (D:4)
  An iguana (D:4)
  2 adders
  An adder skeleton (D:4)
  5 worms
  A dart slug (D:2)
  6 leopard geckos
  9 orcs (D:4)
  13 goblins
  7 hobgoblins
  13 jackals
  6 kobolds
  A quokka (D:4)
  4 bats
  6 frilled lizards (D:1)
  A leopard gecko skeleton (D:4)
  7 rats
90 creatures vanquished.

Vanquished Creatures (collateral kills)
  A jackal (D:4)
1 creature vanquished.

Grand Total: 91 creatures vanquished

Notes
Turn   | Place    | Note
-------+----------+-------------------------------------------
     0 | D:1      | BlueFish the Octopode Transmuter began the quest for the
                  | Orb.
     0 | D:1      | Reached XP level 1. HP: 13/13 MP: 3/3
   491 | D:1      | Reached XP level 2. HP: 18/18 MP: 3/5
   506 | D:1      | Learned a level 2 spell: Sticks to Snakes
  1017 | D:1      | Reached skill level 1 in Stealth
  1197 | D:2      | Reached XP level 3. HP: 23/23 MP: 4/6
  1628 | D:2      | Learned a level 3 spell: Spider Form
  1809 | D:2      | Reached XP level 4. HP: 25/28 MP: 7/7
  2978 | D:4      | Noticed an ogre
  3187 | D:4      | Reached XP level 5. HP: 13/33 MP: 5/8
  3190 | D:4      | Reached skill level 1 in Poison Magic
  3461 | D:4      | Reached skill level 4 in Unarmed Combat
  3600 | D:4      | HP: 1/34 [orc/+0 flail (3)]
  4043 | D:4      | Reached XP level 6. HP: 22/39 MP: 7/9
  4280 | D:4      | Noticed Ijyb
  4302 | D:4      | Killed Ijyb
  4576 | D:4      | HP: 1/39 [something (4)]
  4577 | D:4      | Slain by an orc wizard

Levels and vault maps discovered:
D:1:      lemuel_arrival_muddy, layout_basic
D:2:      layout_rooms, minmay_misc_feat_tiny, minmay_goblin_outpost
D:3:      layout_loops_cross, hangedman_decor_push, minmay_misc_feat_encased,
          corner_web_ring
D:4:      kennysheep_goblin_castle, layout_loops_ring, first_ration,
          serial_glass, glass_columns_a, glass_columns_b, glass_columns_b,
          glass_columns_a, glass_columns_c, glass_columns_a, glass_columns_a,
          glass_columns_b, glass_columns_c, glass_columns_b, glass_columns_a,
          glass_columns_c, glass_columns_c, glass_columns_c, uniq_ijyb,
          uniq_crazy_yiuf_cottage

Skill      XL: |  1  2  3  4  5 |
---------------+----------------+-----
Stealth        | 1 2 |  2.8
Transmutations | 3 |  3.6
Poison Magic   | 1 |  1.8
Unarmed Combat | 4 |  4.3
Fighting       | 2 |  2.2
Dodging        | |  2.8
Spellcasting   | |  2.7

Action                   |  1- 3 |  4- 6 || total
-------------------------+-------+-------++-------
Melee: Unarmed           |    89 |   112 ||   201
       Constrict         |    30 |    33 ||    63
       Kick              |    19 |    33 ||    52
       Tentacles         |    11 |    17 ||    28
       Punch             |     3 |     3 ||     6
 Cast: Beastly Appendage |    28 |    29 ||    57
       Sticks to Snakes  |       |    11 ||    11
  Use: Scroll            |     7 |     3 ||    10
       Potion            |       |     3 ||     3
 Stab: Sleeping          |     3 |     5 ||     8
  Eat: Chunk             |     3 |    10 ||    13
Armor: Skin              |     5 |     1 ||     6
Dodge: Dodged            |    46 |    62 ||   108

Table legend:
 A = Non-vault XP
 B = Vault XP
 C = Vault XP percentage of total XP
 D = Non-vault monster count
 E = Vault monster count
 F = Vault count percentage of total count
                 A         B        C        D         E       F
            +---------+---------+-------+---------+---------+-------
      Total |     422 |      77 |  15.4 |      75 |      16 |  17.6
            +---------+---------+-------+---------+---------+-------
        D:1 |      32 |       0 |   0.0 |      21 |       0 |   0.0
        D:2 |      55 |       8 |  12.7 |      17 |       4 |  19.0
        D:3 |      29 |       0 |   0.0 |      12 |       0 |   0.0
        D:4 |     306 |      69 |  18.4 |      25 |      12 |  32.4
            +---------+---------+-------+---------+---------+-------
